 Dungeon Crawl Stone Soup version 0.20-a0-522-g0b37eee (webtiles) character file.

29 Kaname the Charmwright (level 3, 27/27 HPs)
             Began as a Demonspawn Skald on Jan 25, 2017.
             Quit the game on level 1 of the Dungeon.
             The game lasted 00:01:19 (1168 turns).

Kaname the Charmwright (Demonspawn Skald)           Turns: 1168, Time: 00:01:20

Health: 27/27      AC:  3    Str: 11    XL:     3   Next: 1%
Magic:  6/6        EV: 11    Int: 15    God:
Gold:   24         SH:  0    Dex: 12    Spells: 1/6 levels left

rFire    . . .     SeeInvis +   a - +0 spear
rCold    . . .     Gourm    .   b - +0 leather armour
rNeg     . . .     Faith    .   (no shield)
rPois    .         Spirit   .   (no helmet)
rElec    .         Reflect  .   (no cloak)
rCorr    .         Harm     .   (no gloves)
MR       .....                  (no boots)
Stlth    +.........             (no amulet)
Regen    0.1/turn               (no ring)
                                f - ring of see invisible

@: no status effects
A: talons 1, demonic guardian 1
a: no special abilities


You were on level 1 of the Dungeon.
You were hungry.

You visited 1 branch of the dungeon, and saw 1 of its levels.

You collected 24 gold pieces.

Inventory:

Hand Weapons
 a - a +0 spear (weapon)
Armour
 b - a +0 leather armour (worn)
Jewellery
 f - a ring of see invisible (left hand)
Scrolls
 e - 2 scrolls of remove curse {unknown}
 g - a scroll of identify {unknown}
Books
 c - a book of Battle

   Spells                             Type                      Level
   a - Infusion                       Charms                       1
   b - Shroud of Golubria             Charms/Translocation         2
   c - Song of Slaying                Charms                       2
   d - Spectral Weapon                Hexes/Charms                 3
   e - Regeneration                   Charms/Necromancy            3
Comestibles
 d - 4 bread rations
 h - a royal jelly
 i - a fruit


   Skills:
 - Level 2.0 Fighting
 - Level 2.0 Polearms
 - Level 0.8 Armour
 - Level 1.7 Dodging
 - Level 2.0 Spellcasting
 + Level 3.6 Charms


You had one spell level left.
You knew the following spells:

 Your Spells              Type           Power        Failure   Level  Hunger
a - Infusion              Chrm           ##..         10%         1    #......
b - Song of Slaying       Chrm           ##......     12%         2    ###....
c - Shroud of Golubria    Chrm/Tloc      #.........   24%         2    ###....


Dungeon Overview and Level Annotations

Branches:
Dungeon (1/15)

Altars:


Innate Abilities, Weirdness & Mutations

You have sharp toenails.
A weak demonic guardian rushes to your aid.


Message History

A giant cockroach comes into view.
Attack whom?
Press: ? - help, Dir - move target cursor, f - giant cockroach
Aim: a giant cockroach (clinging)
You reach to attack!
You closely miss the giant cockroach.
You hit the giant cockroach but do no damage.
The giant cockroach closely misses you. The giant cockroach misses you.
You hit the giant cockroach.
The giant cockroach is heavily wounded.
The giant cockroach bites you but does no damage.
You hit the giant cockroach.
You kill the giant cockroach!
You have reached level 3!
Your experience leads to an increase in your attributes!
Increase (S)trength, (I)ntelligence, or (D)exterity?
You feel clever.
You feel monstrous as your demonic heritage exerts itself.
Your demonic ancestry asserts itself...
Your toenails lengthen and sharpen.
Are you sure you want to abandon this character and quit the game? (Confirm with "yes".)

##..########..########..#.##.##.#
##.#'......####......'#......##.#
##.#........##........#......##.#
##.#...##...##...##...#.#.##.##.#
##.#..####..##..####..#.#.##.##.#
##.#..####..##..####..#.#.##.##.#
...#...##[..##...##...#.#.##.##.#
##.#..................#.........#
...##.......<...@....##.##.#.####
##.#######..##..#######....#.#
##.#######..##..#######.##.#.#
##.##................##.##.#.#
...#..................#.##.#.####
.#.#...##...##...##...#..........
.#.#..####..##..####..#.##.######
...#..####..##..####..#.##.#
.#.#...##...##...##...#.##)#


There were no monsters in sight!

Vanquished Creatures
  2 oozes (D:1)
  A dart slug (D:1)
  3 giant cockroaches (D:1)
  3 hobgoblins (D:1)
  2 kobolds (D:1)
  4 goblins (D:1)
  2 rats (D:1)
17 creatures vanquished.

Notes
Turn   | Place    | Note
-------+----------+-------------------------------------------
     0 | D:1      | Kaname the Demonspawn Skald began the quest for the Orb.
     0 | D:1      | Reached XP level 1. HP: 16/16 MP: 3/3
   531 | D:1      | Reached skill level 3 in Charms
   531 | D:1      | Gained mutation: A weak demonic guardian rushes to your aid. [demonic ancestry]
   531 | D:1      | Reached XP level 2. HP: 22/22 MP: 0/5
   535 | D:1      | Learned a level 2 spell: Song of Slaying
   538 | D:1      | Learned a level 2 spell: Shroud of Golubria
  1167 | D:1      | Gained mutation: You have sharp toenails. [demonic ancestry]
  1167 | D:1      | Reached XP level 3. HP: 27/27 MP: 6/6
  1168 | D:1      | Quit the game

Vault maps used:
D:1:      minmay_arrival_four_loops, kennysheep_small_spiral

Skill      XL: |  1 |
---------------+----+-----
Polearms       | 2 |  2.0
Charms         | 3 |  3.6
Fighting       | |  2.0
Armour         | |  0.8
Dodging        | |  1.7
Spellcasting   | |  2.0

Action                   || total
-------------------------++-------
Melee: Spear             ||    72
 Cast: Infusion          ||     3
Armor: Leather armour    ||    15
Dodge: Dodged            ||    21
